 Dungeon Crawl Stone Soup version 0.29.1-14-g9c671dbff4 (webtiles) character file.

Game seed: 7889901319125664418

4964 wolfrpgdude the Protected (level 10, -10/93 HPs)
             Began as a Minotaur Fighter on Feb 11, 2023.
             Was an Elder of Okawaru.
             Shot with an arrow by a centaur warrior (16 damage)
             ... on level 8 of the Dungeon on Feb 12, 2023.
             The game lasted 00:22:04 (8438 turns).

wolfrpgdude the Protected (Minotaur Fighter)        Turns: 8438, Time: 00:22:05

Health: -10/93     AC: 24    Str: 26    XL:     10   Next: 28%
Magic:  9/9        EV:  5    Int:  5    God:    Okawaru [****..]
Gold:   1449       SH:  0    Dex:  9    Spells: 9/9 levels left

rFire   + . .      SeeInvis .   b - +9 short sword of Gluttony {flame, Fly rF+ Will+}
rCold   . . .      Faith    .   (no shield)
rNeg    . . .      Spirit   .   c - +0 crystal plate armour
rPois   .          Reflect  .   (helmet restricted)
rElec   .          Harm     .   t - +0 cloak
rCorr   +          Rampage  .   l - +1 pair of gloves
Will    +....                   (no boots)
Stlth   ..........              r - amulet of magic regeneration
HPRegen 0.25/turn               g - ring of resist corrosion
MPRegen 0.51/turn               (no ring)

@: about to teleport, flying
A: horns 2, retaliatory headbutt
a: Renounce Religion, Heroism, Finesse


You were on level 8 of the Dungeon.
You worshipped Okawaru.
Okawaru was greatly pleased with you.
You visited 2 branches of the dungeon, and saw 9 of its levels.

You collected 1449 gold pieces.

Inventory:

Hand Weapons
 a - a +0 long sword
 b - the +9 short sword of Gluttony (weapon) {flame, Fly rF+ Will+}
   (You found it on level 2 of the Dungeon)

   It burns those it strikes, dealing additional fire damage.
   rF:        It protects you from fire.
   Fly:       It grants you flight.
   Will:      It increases your willpower.
 o - a +2 vorpal scythe
Missiles
 k - 2 poisoned darts (quivered)
 v - a throwing net
Armour
 c - a +0 crystal plate armour (worn)
 l - a +1 pair of gloves (worn)
 t - a +0 cloak (worn)
Jewellery
 g - a ring of resist corrosion (left hand)
 r - an amulet of magic regeneration (around neck)
Wands
 u - a wand of paralysis (10)
 w - a wand of iceblast (5)
Scrolls
 d - a scroll of fog {unknown}
 e - 10 scrolls of identify
 i - 5 scrolls of teleportation
 n - a scroll of enchant weapon
 q - 2 scrolls of torment
 x - a scroll of blinking {unknown}
Potions
 f - 2 potions of lignification {unknown}
 h - a potion of heal wounds
 j - 6 potions of curing
 m - a potion of haste {unknown}
 p - 2 potions of degeneration {unknown}
 s - a potion of flight {unknown}


   Skills:
 + Level 9.8 Fighting
 + Level 9.5 Long Blades
 + Level 9.8 Armour
 + Level 9.8 Shields


You had 9 spell levels left.
You didn't know any spells.
Your spell library contained the following spells:

 Spells                   Type           Power      Damage    Failure   Level
 Necrotise                Necr           0%         1d4       100%        1
 Conjure Flame            Conj/Fire      0%         6-21      100%        3
 Ignite Poison            Fire/Tmut/Pois 0%         N/A       100%        3
 Mephitic Cloud           Conj/Pois/Air  0%         N/A       100%        3
 Vampiric Draining        Necr           0%         2d6       100%        3
 Sticky Flame             Conj/Fire      0%         2d3       100%        4
 Agony                    Necr           0%         N/A       100%        5
 Freezing Cloud           Conj/Ice/Air   0%         6-21      100%        5
 Dispersal                Tloc           0%         N/A       100%        6
 Disjunction              Tloc           0%         N/A       100%        8
 Malign Gateway           Summ/Tloc      Unusable   N/A       N/A         7
 Summon Horrible Things   Summ           Unusable   N/A       N/A         8

Dungeon Overview and Level Annotations

Branches:
Dungeon (8/15)             Temple (1/1) D:4
   Lair: D:8-11

Altars:
Ashenzari
Cheibriados
Dithmenos
Elyvilon
Fedhas
Gozag
Hepliaklqana
Kikubaaqudgha
Makhleb
Okawaru
Qazlal
Ru
Sif Muna
Trog
Vehumet
Wu Jian
Xom
Yredelemnul
Zin
The Shining One

Shops:
D:2 (   D:5 =

Portals:
Abyss: D:7

Annotations:
D:5 2 transporters, Rangus's ghost, novice GnWn


Innate Abilities, Weirdness & Mutations

You have a pair of horns on your head.
You reflexively headbutt those who attack you in melee.


Message History

You barely miss the centaur warrior. You headbutt the centaur warrior!
The centaur warrior is heavily wounded.
The centaur unwields a +0 shortbow.
The centaur hits you but does no damage.
The centaur kicks you but does no damage.
The centaur warrior hits you but does no damage.
The centaur warrior kicks you but does no damage.
You hit the centaur warrior. You burn the centaur warrior.
The centaur warrior is heavily wounded.
The centaur barely misses you.
The centaur kicks you but does no damage.
The centaur warrior hits you!
The centaur warrior kicks you but does no damage.
The centaur hits you but does no damage.
The centaur kicks you. The centaur warrior hits you.
* * * LOW HITPOINT WARNING * * *
The centaur warrior kicks you but does no damage.
As you read the scroll of teleportation, it crumbles to dust.
You feel strangely unstable. The centaur barely misses you.
You furiously retaliate!
You headbutt the centaur, but do no damage.
The centaur kicks you but does no damage.
The centaur warrior barely misses you. You furiously retaliate!
You headbutt the centaur warrior, but do no damage.
The centaur warrior kicks you but does no damage.
The centaur warrior attacks as you move away!
The centaur warrior hits you.
* * * LOW HITPOINT WARNING * * *
The centaur warrior kicks you but does no damage.
The centaur wields a +0 shortbow.
The centaur shoots an arrow.
The arrow hits you!
* * * LOW HITPOINT WARNING * * *
The centaur warrior wields a +0 shortbow.
The centaur warrior shoots an arrow.
The arrow hits you!
* * * LOW HITPOINT WARNING * * *
You hear a shout!
You hear a shout!
The centaur shoots an arrow.
The arrow hits you but does no damage.
The centaur warrior shoots an arrow.
The arrow hits you!
You die...

..#####.)#####..#....###
.....#))#......#..###
.....#..#$.....#..#
###..#..#..#####..#
......#..#......#..#
.$....#..#......#.>#
..#####..#####..#..#
.....#..#......####
.....#..#@.....#
###.Y#..#..#####
...oc#..#..c...#
...Fc#..#.c....#
..#####..#####[.#
......cc†.).....#
..........).....#
#################


You could see a centaur warrior, an orc warrior, a bullfrog and 3 centaurs.

Vanquished Creatures
  A two-headed ogre (D:8)
  The ghost of croobank the Covert, a novice OpDe (D:7)
  An ugly thing (D:7)
  Sigmund (D:2)
  A steam dragon (D:6)
  An acid dragon (D:8)
  2 orc warriors (D:8)
  3 sky beasts
  3 ice beasts
  A black bear (D:7)
  2 ogres
  2 centaurs
  A phantom (D:6)
  2 bullfrogs (D:7)
  2 gnoll sergeants
  A scorpion (D:5)
  6 wights
  A quasit (D:7)
  4 hounds
  3 jellies
  2 orc priests
  A gnoll bouda (D:6)
  Crazy Yiuf (D:5)
  5 iguanas
  11 orc wizards
  3 small abominations (D:7)
  2 adders (D:2)
  13 gnolls
  2 shadow imps
  3 white imps
  3 ufetubi
  2 worms
  2 dart slugs (D:2)
  17 orcs
  5 ball pythons
  8 endoplasms
  A giant cockroach (D:2)
  10 goblins
  8 hobgoblins
  6 jackals
  6 quokkas
  3 bats
  3 frilled lizards
  9 kobolds
  24 rats
189 creatures vanquished.

Notes
Turn   | Place    | Note
-------+----------+-------------------------------------------
     0 | D:1      | wolfrpgdude the Minotaur Fighter began the quest for the
                  | Orb.
     0 | D:1      | Reached XP level 1. HP: 19/19 MP: 0/0
   306 | D:1      | Reached XP level 2. HP: 23/27 MP: 1/1
   838 | D:2      | Found Besugaf's Weapon Boutique.
  1060 | D:2      | Reached XP level 3. HP: 33/33 MP: 2/2
  1100 | D:2      | Noticed Sigmund
  1107 | D:2      | Killed Sigmund
  1108 | D:2      | Reached XP level 4. HP: 41/41 MP: 3/3
  1108 | D:2      | Reached XP level 5. HP: 47/47 MP: 4/4
  1123 | D:2      | Upgraded the game from 0.29.1-13-g9f3cf754e1 to
                  | 0.29.1-14-g9c671dbff4
  1173 | D:2      | Identified the +9 short sword of Gluttony {flame, Fly rF+
                  | Will+}
  1311 | D:2      | Found an iron altar of Okawaru.
  1328 | D:2      | Became a worshipper of Warmaster Okawaru
  1602 | D:2      | Reached skill level 5 in Armour
  1618 | D:2      | Reached skill level 5 in Shields
  1663 | D:2      | Reached skill level 5 in Fighting
  2529 | D:4      | Reached XP level 6. HP: 49/56 MP: 5/5
  2726 | D:4      | Found a staircase to the Ecumenical Temple.
  2815 | Temple   | Entered the Ecumenical Temple
  3023 | D:4      | Identified a scroll of acquirement
  3023 | D:4      | Acquired a +0 crystal plate armour
  3332 | D:5      | Entered Level 5 of the Dungeon
  3436 | D:5      | Reached skill level 5 in Long Blades
  3528 | D:5      | Reached XP level 7. HP: 62/62 MP: 6/6
  3546 | D:5      | Found Cankuf's Jewellery Shop.
  3645 | D:5      | Reached * piety under Okawaru
  3670 | D:5      | Found a transporter.
  3677 | D:5      | Noticed Rangus's ghost (novice GnWn)
  3687 | D:5      | Found a transporter.
  3817 | D:5      | Found a runed translucent door.
  3818 | D:5      | Noticed Crazy Yiuf
  3828 | D:5      | Killed Crazy Yiuf
  4361 | D:6      | Found a bloodstained altar of Trog.
  4362 | D:6      | Found a radiant altar of Vehumet.
  4444 | D:6      | Reached XP level 8. HP: 69/71 MP: 7/7
  4625 | D:6      | Reached ** piety under Okawaru
  5513 | D:7      | Found a one-way gate to the infinite horrors of the Abyss.
  5513 | D:7      | Noticed croobank's ghost (novice OpDe)
  5517 | D:7      | Noticed a green ugly thing
  5527 | D:7      | Found a transporter.
  5554 | D:7      | Found a transporter.
  6218 | D:7      | Killed a green ugly thing
  6219 | D:7      | Reached XP level 9. HP: 63/81 MP: 8/8
  6228 | D:7      | Killed croobank's ghost
  6228 | D:7      | Reached *** piety under Okawaru
  6645 | D:7      | Acquired 1026 gold pieces
  7570 | D:8      | Noticed a two-headed ogre
  7579 | D:8      | Killed a two-headed ogre
  7579 | D:8      | Reached **** piety under Okawaru
  7580 | D:8      | Reached XP level 10. HP: 40/91 MP: 9/9
  8188 | D:8      | Noticed a centaur warrior
  8438 | D:8      | Shot with an arrow by a centaur warrior

Illustrated notes

Levels and vault maps discovered:
D:1:      dpeg_arrival_rooms_b, layout_basic
D:2:      layout_basic, basic_altar, serial_shops, shop, minmay_rat_hole,
          uniq_sigmund
D:3:      layout_loops_ring, kennysheep_generic_room_3
D:4:      layout_gridville, minmay_temple_entry_crystal_x
D:5:      layout_rooms, gammafunk_ghost_stat_death, serial_shops,
          kennysheep_mini_moat, uniq_crazy_yiuf_cottage
D:6:      layout_layer_cave, nicolae_overflow_two_pavilions,
          minmay_a_box_with_orc_wizards_in_it
D:7:      layout_cave_pods, gammafunk_ghost_abyssal_escape, minmay_liquid_box
D:8:      kennysheep_windowed_halls, layout_rooms
Temple:   nicolae_temple_bog_church

Skill      XL: |  1  2  3  4  5  6  7  8  9 |
---------------+----------------------------+-----
Armour         | 4 5 6 8 9 |  9.8
Fighting       | 4 5 6 8 9 |  9.8
Shields        | 4 5 6 8 9 |  9.8
Long Blades    | 3 4 5 6 7 9 |  9.5

Action                   |  1- 3 |  4- 6 |  7- 9 | 10-12 || total
-------------------------+-------+-------+-------+-------++-------
Melee: Long sword        |    80 |       |       |       ||    80
       Headbutt          |    13 |    19 |    41 |    10 ||    83
       Short sword       |       |   133 |   284 |    73 ||   490
       Halberd           |       |     2 |       |       ||     2
       Punch             |       |       |     4 |       ||     4
  Use: Scroll            |     2 |    11 |     3 |     1 ||    17
       Potion            |       |       |     7 |       ||     7
Armor: Scale mail        |    29 |       |       |       ||    29
       Plate armour      |    10 |    52 |       |       ||    62
       Crystal plate arm |       |    37 |   270 |    92 ||   399
Dodge: Dodged            |    42 |    38 |    45 |    19 ||   144
Block: Buckler           |    19 |       |       |       ||    19
